 Dungeon Crawl Stone Soup version 0.25.0-9-g26727b657a (webtiles) character file.

Game seed: 12957406399303961294

172672 Flugkiller the Severer (level 16, 0/154 HPs)
             Began as a Deep Dwarf Fighter on June 20, 2020.
             Was the Champion of Makhleb.
             Killed from afar by Nikola (3 damage)
             ... with a chain lightning
             ... on level 2 of the Vaults.
             The game lasted 00:17:38 (16238 turns).

Flugkiller the Severer (Deep Dwarf Fighter)        Turns: 16238, Time: 00:17:38

Health: 0/154      AC: 37    Str: 25    XL:     16   Next: 85%
Magic:  3/3        EV: 12    Int: 11    God:    Makhleb [******]
Gold:   247        SH: 16    Dex: 12    Spells: 15/15 levels left

rFire    . . .     SeeInvis .   f - +6 broad axe
rCold    . . .     Gourm    .   s - +2 kite shield
rNeg     + + +     Faith    +   G - +10 plate armour {ponderous}
rPois    .         Spirit   .   y - +0 helmet
rElec    .         Reflect  .   (no cloak)
rCorr    .         Harm     .   J - +0 pair of gloves
MR       ++...                  b - +2 pair of boots
Stlth    ..........             N - amulet of faith
HPRegen  0.00/turn              F - ring "Tulul" {rN++ EV+4 Slay+3}
MPRegen  0.08/turn              p - +4 ring of protection

@: marked, non-regenerating, slow
A: damage resistance, heal wounds, negative energy resistance 1, sense
surroundings 2, no regeneration
}: 2/15 runes: barnacled, gossamer
a: Heal Wounds, Minor Destruction, Lesser Servant of Makhleb, Major Destruction,
Greater Servant of Makhleb, Renounce Religion


You were on level 2 of the Vaults.
You worshipped Makhleb.
Makhleb was exalted by your worship.
You were not hungry.

You visited 7 branches of the dungeon, and saw 30 of its levels.
You also visited: Ossuary.

You collected 1690 gold pieces.
You spent 1443 gold pieces at shops.

Inventory:

Hand Weapons
 f - a +6 broad axe (weapon)
   (You took it off an orc knight on level 2 of the Orcish Mines)
Missiles
 A - 7 throwing nets (quivered)
Armour
 b - a +2 pair of boots (worn)
   (You found it on level 12 of the Dungeon)
 s - a +2 kite shield (worn)
   (You found it on level 6 of the Dungeon)
 y - a +0 helmet (worn)
   (You found it on level 1 of the Lair of Beasts)
 C - the +6 plate armour of Depression {+Blink rPois Str+2 Int-5}
   (You bought it in a shop on level 13 of the Dungeon)

   It affects your strength (+2).
   It affects your intelligence (-5).
   It protects you from poison.
   It lets you blink.
 G - a +10 plate armour of ponderousness (worn)
   (You found it on level 14 of the Dungeon)
 J - a +0 pair of gloves (worn)
   (You found it on level 10 of the Dungeon)
 P - a +3 plate armour of cold resistance
   (You found it on level 4 of the Shoals)
Jewellery
 p - a +4 ring of protection (right hand)
   (You found it on level 13 of the Dungeon)
 r - an uncursed ring of stealth {unknown}
   (You found it on level 1 of the Vaults)
 F - the ring "Tulul" (left hand) {rN++ EV+4 Slay+3}
   (You bought it in a shop on level 2 of the Orcish Mines)

   [ring of evasion]

   It affects your evasion (+4).
   It affects your accuracy and damage with ranged weapons and melee attacks
   (+3).
   It greatly protects you from negative energy.
 N - an amulet of faith (around neck)
   (You found it on level 3 of the Shoals)
Wands
 v - a wand of digging (15)
   (You found it on level 12 of the Dungeon)
 E - a wand of iceblast (15)
   (You found it on level 14 of the Dungeon)
 L - a wand of clouds (3)
   (You found it on level 3 of the Shoals)
 M - a wand of paralysis (10)
   (You found it on level 4 of the Shoals)
Scrolls
 c - 5 scrolls of vulnerability
 l - 6 scrolls of fear
 t - 6 scrolls of teleportation
 x - 5 scrolls of remove curse
 z - 5 scrolls of blinking
 B - 2 scrolls of magic mapping
 D - 5 scrolls of fog
 H - a scroll of silence
 I - a scroll of holy word
Potions
 d - 2 potions of might
 g - 6 potions of lignification
 h - a potion of haste
 i - 3 potions of magic
 j - 2 potions of cancellation
 k - 3 potions of invisibility
 m - a potion of flight
 n - 3 potions of ambrosia
 o - 2 potions of mutation
 q - 3 potions of curing
 u - 3 potions of berserk rage
 w - 4 potions of heal wounds
Comestibles
 a - 6 chunks of flesh
 e - 34 rations


   Skills:
 + Level 12.5 Fighting
 - Level 18.0 Axes
 + Level 14.4 Armour
 + Level 14.5 Shields
 - Level 15.0 Invocations


You had 15 spell levels left.
You didn't know any spells.
Your spell library was empty.

Dungeon Overview and Level Annotations

Branches:
Dungeon (15/15)            Temple (1/1) D:7            Lair (2/6) D:8
 Shoals (4/4) Lair:2       Spider (4/4) Lair:2          Orc (2/2) D:10
    Elf (0/3) Orc:2        Vaults (2/5) D:14         Depths (0/5) D:15
Ossuary (visited)
  Crypt: Vaults:2-3

Altars:
Cheibriados
Dithmenos
Elyvilon
Gozag
Hepliaklqana
Makhleb
Nemelex Xobeh
Ru
Sif Muna
Trog
Uskayaw
Wu Jian
Xom
The Shining One

Shops:
D:12 (   D:13 [*[   D:15 %   Orc:2 =:=[

Annotations:
D:4 exclusion: door
D:9 1 runed translucent door, Patate's ghost, novice TrHu
Vaults:2 Nikola


Innate Abilities, Weirdness & Mutations

You are resistant to damage.
You can heal yourself by infusing magical energy.
You resist negative energy. (rN+)
You passively map the area around you.
You do not regenerate.


Message History

* * * LOW HITPOINT WARNING * * *
Your Executioner completely misses the cyclops.
Your Executioner hits the cyclops.
Your Executioner hits the cyclops but does no damage.
The cyclops misses your Executioner.
A wizard comes into view. It is wielding a +0 dagger.
You are too injured to fight recklessly!
You feel much better.
Your Executioner hits the cyclops!
The cyclops dies!
Makhleb accepts your kill.
Nikola casts a spell.
You hear a mighty clap of thunder!
The lightning arc hits you!!
* * * LOW HITPOINT WARNING * * *
The lightning arc hits Nikola!
The lightning arc hits you!!
* * * LOW HITPOINT WARNING * * *
The lightning arc hits Nikola.
The lightning arc hits you!
* * * LOW HITPOINT WARNING * * *
The lightning arc hits Nikola.
The lightning arc hits you.
You die...

*, , , #....#..... ,
* , #....#....., , ,
,#.)p)# ...> ,*,
#..○.# .... , * ,
,#.§○§#, ... ***
#####§.§°#######* ,
,, .....°§§(.○......
, * ,
.....°.○........., ,
, ,
,...(§1.°§@.@.....,,,
* ,
.................,, ,
, **######...........
* * , ,, ,,
#........... , * , ,
, #........... ,,, *
,, , ,#........... ,
, +, #........... ,,
, , #..)........ , ,
, , ,, ,, #..########
,


You could see Nikola, a wizard and a friendly Executioner (summoned).

Vanquished Creatures
  3 ghost moths (Spider:4)
  2 emperor scorpions (Spider:4)
  An ironheart preserver (Vaults:2)
  2 stone giants (Vaults:2)
  3 entropy weavers
  A spark wasp (Spider:4)
  4 merfolk javelineers (Shoals:4)
  3 merfolk impalers
  3 hydras
  4 vault guards (D:14)
  10 two-headed ogres
  A merfolk aquamancer (Shoals:4)
  An alligator snapping turtle (Shoals:4)
  2 satyrs
  2 centaur warriors
  3 ogre magi
  A deep troll earth mage (Vaults:2)
  A deep troll shaman (Vaults:2)
  A tengu warrior (D:15)
  Urug (D:10)
  3 orc high priests (Orc:2)
  2 deep elf knights
  10 sea snakes
  An unseen horror (Vaults:1)
  A deep troll (Vaults:2)
  4 wizards
  4 ironbrand convokers (Vaults:2)
  A deep elf archer (Vaults:1)
  6 orc knights
  6 deep elf magi
  6 orc sorcerers (Orc:2)
  9 orb spiders
  13 harpies
  A faun (Shoals:3)
  23 ugly things
  9 wolf spiders
  4 cyclopes
  2 moths of wrath (Spider:4)
  9 manticores
  2 merfolk sirens (Shoals:4)
  An elephant (shapeshifter) (D:15)
  A vault sentinel (Vaults:2)
  4 centaur skeletons
  3 gargoyles
  5 spiny frogs
  A rime drake (Lair:1)
  10 yaktaurs
  2 komodo dragons
  A freezing wraith (D:12)
  3 demonic crawlers
  13 jumping spiders
  17 merfolk
  6 trolls
  5 hornets (Spider:4)
  3 snapping turtles
  2 wind drakes
  A hippogriff (shapeshifter) (D:13)
  2 dream sheep (Shoals:4)
  6 hippogriffs
  25 redbacks
  A yak (shapeshifter) (D:15)
  A shapeshifter (D:14)
  3 wraiths
  6 water elementals
  A wyvern (D:13)
  22 yaks
  2 shadows (D:15)
  10 tarantellas
  7 humans (D:14)
  4 basilisks
  A warg (Orc:2)
  2 acid dragons
  A soldier ant (D:10)
  3 water moccasins
  3 porcupines
  A hornet zombie (D:15)
  2 black bears
  3 sky beasts
  An eye of draining (D:10)
  27 orc warriors
  7 ice beasts
  A phantom (D:14)
  4 wolves (Lair:1)
  11 ogres
  4 centaurs
  A necrophage (D:12)
  8 crocodiles
  13 bullfrogs
  A wyvern skeleton (D:13)
  5 scorpions
  A hornet simulacrum (D:15)
  8 killer bees
  3 howler monkeys (D:9)
  4 crimson imps
  A bullfrog zombie (D:12)
  3 jellies
  5 bullfrog skeletons
  10 hounds
  12 orc priests
  Ijyb (D:4)
  3 iguanas
  21 orc wizards
  4 worker ants
  A hound skeleton (D:4)
  11 mummies (Ossuary)
  3 worker ant zombies
  A howler monkey zombie (D:10)
  7 gnolls
  A howler monkey skeleton (D:9)
  12 adders
  6 shadow imps
  4 adder skeletons
  3 worms
  A dart slug (D:3)
  A leopard gecko (D:1)
  67 orcs
  4 bats
  3 giant cockroaches
  2 goblins
  4 hobgoblins
  12 jackals
  6 kobolds
  A quokka (D:3)
  A frilled lizard (D:4)
  2 goblin skeletons (Ossuary)
  A jackal zombie (D:5)
  A kobold skeleton (Ossuary)
  7 orc skeletons
  A quokka skeleton (D:9)
  2 rats
  11 rat skeletons (Ossuary)
  A plant (Lair:1)
685 creatures vanquished.

Vanquished Creatures (collateral kills)
  2 orc warlords (Orc:2)
  2 emperor scorpions (Spider:4)
  A spark wasp (Spider:4)
  Snorg (Orc:2)
  A fire dragon (D:15)
  A merfolk impaler (Shoals:4)
  2 hydras (D:15)
  Harold (D:11)
  An alligator snapping turtle (Shoals:4)
  An orc high priest (Orc:2)
  A vampire mage (D:15)
  Sonja (D:13)
  A deep elf knight (Vaults:2)
  3 sea snakes
  A wizard (D:15)
  3 harpies
  2 cyclopes
  An orc knight (Orc:2)
  6 wolf spiders (Spider:4)
  An orb spider (Spider:4)
  An orc sorcerer (Orc:2)
  A slime creature (D:15)
  4 manticores
  2 water nymphs (Shoals:4)
  A merfolk siren (Shoals:2)
  A demonic crawler (Spider:4)
  3 wind drakes
  4 merfolk
  3 dream sheep (Shoals:4)
  A hippogriff (Shoals:4)
  A dream sheep (shapeshifter) (D:15)
  2 snapping turtles
  5 redbacks (Spider:4)
  A water elemental (Shoals:4)
  6 tarantellas (Spider:4)
  A warg (Orc:2)
  2 orc warriors
  2 ogres
  A big kobold (D:11)
  4 killer bees (D:11)
  An electric eel (Spider:4)
  A bullfrog zombie (D:11)
  2 worker ants
  2 adders (D:11)
  4 orcs
  2 kobolds (D:11)
  2 plants (Shoals:4)
93 creatures vanquished.

Vanquished Creatures (others)
  A stone giant (Vaults:2)
  A vault guard (D:14)
  A great orb of eyes (Vaults:2)
  A merfolk aquamancer (Shoals:2)
  A two-headed ogre (Vaults:2)
  An unseen horror (D:11)
  An orc wizard (Orc:2)
  An orc (Vaults:2)
  2 fungi
  16 plants
26 creatures vanquished.

Grand Total: 804 creatures vanquished

Notes
Turn   | Place    | Note
-------+----------+-------------------------------------------
     0 | D:1      | Flugkiller the Deep Dwarf Fighter began the quest for the
                  | Orb.
     0 | D:1      | Reached XP level 1. HP: 20/20 MP: 1/1
   134 | D:2      | Reached XP level 2. HP: 14/27 MP: 2/2
   235 | D:2      | Reached skill level 3 in Axes
   235 | D:2      | Reached XP level 3. HP: 33/33 MP: 2/2
   259 | D:2      | Found an opulent altar of Gozag.
   429 | D:3      | Reached XP level 4. HP: 33/42 MP: 3/3
   727 | D:3      | Found a shimmering blue altar of Sif Muna.
   799 | D:4      | Reached skill level 4 in Axes
   799 | D:4      | Reached XP level 5. HP: 36/49 MP: 4/4
  1037 | D:4      | Found a sand-covered staircase.
  1042 | Ossuary  | Entered an ossuary
  1127 | Ossuary  | Reached XP level 6. HP: 25/56 MP: 5/5
  1248 | Ossuary  | Reached skill level 5 in Axes
  1386 | D:4      | Found Ycaorauw's Jewellery Shoppe.
  1448 | D:4      | Noticed Ijyb
  1456 | D:4      | Killed Ijyb
  1683 | D:4      | Reached XP level 7. HP: 62/64 MP: 2/2
  1698 | D:4      | Reached skill level 5 in Shields
  1913 | D:5      | Entered Level 5 of the Dungeon
  1957 | D:5      | Reached skill level 5 in Armour
  2044 | D:5      | Found a white marble altar of Elyvilon.
  2417 | D:6      | Found a snail-covered altar of Cheibriados.
  2472 | D:6      | Reached skill level 6 in Axes
  2512 | D:6      | Found a shadowy altar of Dithmenos.
  2854 | D:7      | Found a staircase to the Ecumenical Temple.
  2871 | Temple   | Entered the Ecumenical Temple
  2951 | Temple   | Became a worshipper of Makhleb the Destroyer
  3029 | D:7      | Reached XP level 8. HP: 47/73 MP: 3/3
  3049 | D:7      | Reached skill level 1 in Invocations
  3069 | D:7      | Reached skill level 7 in Axes
  3346 | D:7      | Reached skill level 5 in Fighting
  3646 | D:8      | Reached * piety under Makhleb
  3744 | D:8      | Found a staircase to the Lair.
  3931 | D:9      | Reached skill level 8 in Axes
  3952 | D:9      | Gained mutation: You passively map the area around you.
                  | [Deep Dwarf growth]
  3952 | D:9      | Reached XP level 9. HP: 42/81 MP: 4/4
  4198 | D:9      | Reached skill level 9 in Axes
  4199 | D:9      | Reached skill level 5 in Invocations
  4356 | D:9      | Noticed a troll
  4357 | D:9      | Found a runed translucent door.
  4365 | D:9      | Killed a troll
  4369 | D:9      | Identified the +2 trident of Odeppu {speed, Int+4}
  4369 | D:9      | Noticed Patate's ghost (novice TrHu)
  4614 | Lair:1   | Entered Level 1 of the Lair of Beasts
  4618 | Lair:1   | Noticed a spiny frog
  4621 | Lair:1   | Noticed a rime drake
  4631 | Lair:1   | Killed a spiny frog
  4631 | Lair:1   | Reached XP level 10. HP: 55/91 MP: 3/3
  4632 | Lair:1   | Reached ** piety under Makhleb
  4637 | Lair:1   | Reached skill level 10 in Axes
  4995 | Lair:1   | Noticed a spiny frog
  5009 | Lair:1   | Killed a spiny frog
  5206 | Lair:1   | Noticed a spiny frog
  5218 | Lair:1   | Killed a spiny frog
  5235 | Lair:1   | Noticed a four-headed hydra
  5302 | Lair:2   | Reached skill level 11 in Axes
  5496 | Lair:2   | Reached XP level 11. HP: 83/100 MP: 3/3
  5498 | Lair:2   | Noticed a four-headed hydra
  5531 | Lair:2   | Killed a seven-headed hydra
  5714 | D:8      | HP: 4/100 [11-headed hydra (3)]
  5792 | D:10     | Entered Level 10 of the Dungeon
  5849 | D:10     | Noticed Urug
  5877 | D:10     | Killed Urug
  5910 | D:10     | Found a staircase to the Orcish Mines.
  5998 | D:10     | Reached *** piety under Makhleb
  6077 | D:10     | Reached skill level 12 in Axes
  6590 | D:11     | Noticed Harold
  6604 | D:11     | Killed Harold
  6685 | D:11     | Killed an unseen horror
  6696 | D:11     | Reached **** piety under Makhleb
  7053 | D:12     | Noticed a centaur warrior
  7065 | D:12     | Killed a centaur warrior
  7065 | D:12     | Reached XP level 12. HP: 82/110 MP: 3/5
  7233 | D:12     | Found Kuitsun's Antique Weapon Emporium.
  7269 | D:12     | Bought a glowing hand axe for 174 gold pieces
  7567 | D:13     | Noticed a two-headed ogre
  7576 | D:13     | Killed a two-headed ogre
  7576 | D:13     | Reached skill level 10 in Shields
  7697 | D:13     | Reached skill level 13 in Axes
  7967 | D:13     | Found Jem Fiete's Armour Boutique.
  7990 | D:13     | Reached skill level 10 in Invocations
  8014 | D:13     | Reached skill level 10 in Armour
  8025 | D:13     | Noticed Sonja
  8041 | D:13     | Killed Sonja
  8078 | D:13     | Found Zatouneo's Antique Armour Boutique.
  8081 | D:13     | Bought an encrusted plate armour for 476 gold pieces
  8091 | D:13     | Identified the +6 plate armour of Depression {+Blink rPois
                  | Str+2 Int-5} (You bought it in a shop on level 13 of the
                  | Dungeon)
  8182 | D:13     | Found Wiusunoi's Assorted Antiques.
  8875 | D:14     | Reached ***** piety under Makhleb
  8903 | D:14     | Killed a vault guard
  9315 | D:14     | Noticed a vault guard
  9315 | D:14     | Noticed a vault guard
  9315 | D:14     | Noticed a vault guard
  9331 | D:14     | Killed a vault guard
  9331 | D:14     | Noticed a vault guard
  9334 | D:14     | Killed a vault guard
  9362 | D:14     | Killed a vault guard
  9362 | D:14     | Reached skill level 14 in Axes
  9362 | D:14     | Reached XP level 13. HP: 121/121 MP: 7/7
  9405 | D:14     | Found a gate to the Vaults.
  9489 | D:15     | Entered Level 15 of the Dungeon
  9541 | D:15     | Found a staircase to the Depths.
  9627 | D:15     | Noticed a fire dragon
  9648 | D:15     | Killed a fire dragon
  9663 | D:15     | Found the +12 glaive of Prune {vorpal}
  9695 | D:15     | Found Zegesur's Food Shoppe.
 10235 | D:15     | Reached skill level 15 in Axes
 10391 | D:15     | Gained mutation: You resist negative energy. (rN+) [Deep
                  | Dwarf growth]
 10391 | D:15     | Reached XP level 14. HP: 130/130 MP: 7/7
 10845 | Orc:1    | Entered Level 1 of the Orcish Mines
 10882 | Orc:1    | Reached skill level 10 in Fighting
 10920 | Orc:2    | Entered Level 2 of the Orcish Mines
 11025 | Orc:2    | Found a staircase to the Elven Halls.
 11080 | Orc:2    | Paralysed by an orc sorcerer for 3 turns
 11137 | Orc:2    | Noticed Snorg
 11153 | Orc:2    | Killed Snorg
 11299 | Orc:2    | Identified the +5 scimitar "Bouquf" {pain, *Corrode +Fly
                  | SInv}
 11303 | Orc:2    | Identified the +2 chain mail of Cuosuew {MP+9 Str+4}
 11332 | Orc:2    | Noticed an orc warlord
 11334 | Orc:2    | Noticed an orc warlord
 11353 | Orc:2    | Killed an orc warlord
 11358 | Orc:2    | Killed an orc warlord
 11568 | Orc:2    | Found Juqoulum's Antique Armour Shop.
 11612 | Orc:2    | Paralysed by an orc sorcerer for 5 turns
 11722 | Orc:2    | HP: 3/132 [orc knight/+0 war axe (28)]
 11723 | Orc:2    | Found Fesmebis's Book Shoppe.
 11771 | Orc:2    | Found Astrunn's Jewellery Shoppe.
 11776 | Orc:2    | Bought the ring "Tulul" {rN++ EV+4 Slay+3} for 793 gold
                  | pieces
 11781 | Orc:2    | Found Tofenerr's Jewellery Shop.
 12057 | Lair:2   | Found a staircase to the Shoals.
 12089 | Lair:2   | Found a hole to the Spider Nest.
 12603 | Spider:1 | Entered Level 1 of the Spider Nest
 12630 | Spider:1 | Reached skill level 16 in Axes
 12642 | Spider:2 | Noticed an entropy weaver
 12655 | Spider:2 | Killed an entropy weaver
 12826 | Spider:3 | Noticed an entropy weaver
 12835 | Spider:3 | Killed an entropy weaver
 12842 | Spider:4 | Entered Level 4 of the Spider Nest
 12963 | Spider:4 | Reached XP level 15. HP: 125/140 MP: 4/4
 13285 | Spider:4 | Killed a ghost moth
 13490 | Spider:4 | Noticed a ghost moth
 13490 | Spider:4 | Killed a ghost moth
 13532 | Spider:4 | Reached skill level 17 in Axes
 13571 | Spider:4 | Got a gossamer rune of Zot
 13652 | Spider:4 | Killed a ghost moth
 13777 | Shoals:1 | Entered Level 1 of the Shoals
 14284 | Shoals:4 | Entered Level 4 of the Shoals
 14594 | Shoals:4 | Reached XP level 16. HP: 109/151 MP: 4/4
 15056 | Shoals:4 | Reached skill level 18 in Axes
 15085 | Shoals:4 | Got a barnacled rune of Zot
 15832 | Vaults:1 | Entered Level 1 of the Vaults
 15866 | Vaults:1 | Found a glowing golden altar of the Shining One.
 15978 | Vaults:2 | Reached skill level 15 in Invocations
 15991 | Vaults:2 | Reached ****** piety under Makhleb
 16212 | Vaults:2 | Noticed Nikola
 16238 | Vaults:2 | HP: 3/154 [Nikola/chain lightning (14)]
 16238 | Vaults:2 | Killed from afar by Nikola

Illustrated notes

Levels and vault maps discovered:
D:1:      lightli_arrival_chessboard, layout_basic
D:2:      layout_loops_ring, nicolae_gozag_cash_rules_everything_around_me,
          eino_tiny_chamber, minmay_door_square, uniq_robin
D:3:      layout_rooms, marbit_many_paths, grunt_ministairs_14,
          trog_eyes_of_draining
D:4:      layout_loops_ring, nicolae_ossuary_entry_catacombs, first_ration,
          serial_shops, shop, minivault_25, uniq_ijyb
D:5:      layout_basic, lemuel_round_altar
D:6:      layout_cave_pools, kennysheep_little_box,
          grunt_dithmenos_smoke_and_mirrors
D:7:      layout_cave_pods, minmay_temple_entry_offerings
D:8:      layout_rooms, lair_entry_dummy
D:9:      layout_rooms, ebering_ghost_funeral_grove
D:10:     layout_roguey, orc_0_dummy, hangedman_fish_farm,
          minmay_sticks_and_stones, uniq_urug
D:11:     layout_big_octagon, hex_large, uniq_harold
D:12:     layout_rooms, serial_shops, shop
D:13:     layout_grid_maze, serial_shops, nicolae_shop_trees,
          nicolae_shop_stone, kennysheep_mini, uniq_sonja
D:14:     layout_loops_ring, ximxim_vaults_locker_room
D:15:     hangedman_depths_entry_try_elsewhere_first, layout_stronghold,
          serial_shops, shop, grunt_decor_fettered,
          chequers_serial_rivers_micro_a, minmay_guarded_unrand_prune
Temple:   hc_temple_tempest_star
Lair:1:   layout_regular_city, grunt_megastairs_5, infiniplex_staircase_pool_2
Lair:2:   layout_small_grid, elwin_shoals_entry_stream, spider_nest_entry_a,
          chequers_serial_rivers_micro_b
Shoals:1: layout_shoals
Shoals:2: layout_shoals, nicolae_shoals_drake_roost, uniq_ilsuiw, uniq_aizul,
          uniq_polyphemus
Shoals:3: layout_shoals
Shoals:4: shoals_end_simple, layout_shoals
Spider:1: mumra_spider_spiderweb
Spider:2: layout_spider_delve
Spider:3: layout_spider_delve, drop_trap, nicolae_looking_at_the_future,
          uniq_arachne
Spider:4: spider_rune_water
Orc:1:    nicolae_orc_accident_1, layout_caves, okawaru_metal_pillars_1_2
Orc:2:    st_orc_elflike, layout_diamond_mine, elf_legates, uniq_snorg
Vaults:1: v_misc_10, nicolae_vaults_asterisk, hangedman_vaults_stream,
          dpeg_vaults_monster_box, nicolae_vaults_circle_grid_b,
          ontoclasm_vaults_decontamination, v_pattern_2, v_misc_4,
          vaults_mumra_hex, v_misc_14, ontoclasm_vaults_misaligned,
          vaults_room_mumra_shop_pool, layout_vaults_maze_bifur, basic_altar
Vaults:2: gammafunk_vaults_ghost_spectres,
          vaults_standard_mumra_enter_the_diamond, v_misc_13,
          hangedman_vaults_impose, vaults_room_octagon, v_alt_pattern_3,
          v_misc_13, ontoclasm_vaults_shout, v_misc_2, vaults_dpeg_ring,
          layout_vaults_quadrants, uniq_nikola

Skill      XL: |  1  2  3  4  5  6  7  8  9 10 11 12 13 14 15 16 |
---------------+-------------------------------------------------+-----
Axes           | 3 4 5 6 8 9 11 12 14 15 16 17 18 | 18.0
Fighting       | 3 4 5 6 7 8 9 10 11 12 | 12.5
Shields        | 4 5 6 7 8 9 10 11 12 13 14 | 14.5
Armour         | 4 5 6 7 8 9 10 11 12 13 14 | 14.4
Invocations    | 3 5 7 9 10 12 13 14 15 | 15.0

Action                   |  1- 3 |  4- 6 |  7- 9 | 10-12 | 13-15 | 16-18 || total
-------------------------+-------+-------+-------+-------+-------+-------++-------
Melee: War axe           |   114 |   222 |   323 |   773 |   630 |       ||  2062
       Broad axe         |       |       |       |       |   702 |   292 ||   994
Invok: Minor Destruction |       |       |       |    12 |       |       ||    12
       Lesser Servant of |       |       |       |     3 |    23 |     2 ||    28
       Greater Servant o |       |       |       |       |    10 |     2 ||    12
 Abil: Heal Wounds       |     3 |    12 |    12 |    26 |    31 |     6 ||    90
Evoke: Wand              |       |       |       |     2 |     1 |     2 ||     5
  Use: Scroll            |       |    11 |    11 |     8 |     9 |     4 ||    43
       Potion            |       |       |     1 |     3 |     1 |     3 ||     8
 Stab: Distracted        |       |       |       |     3 |    17 |     3 ||    23
  Eat: Chunk             |       |     1 |     6 |    12 |    17 |     3 ||    39
       Ration            |       |     1 |     1 |     1 |     1 |     1 ||     5
Armor: Scale mail        |    66 |    55 |    46 |       |       |       ||   167
       Plate armour      |       |       |    83 |   383 |   878 |   203 ||  1547
Dodge: Dodged            |    40 |    50 |    97 |   284 |   489 |   122 ||  1082
Block: Kite shield       |    75 |    99 |   226 |   611 |  1033 |   265 ||  2309
